 Dungeon Crawl Stone Soup version 0.27-a0-887-gcab673c142 (webtiles) character file.

Game seed: 7339003516427012901

53 rageheart7 the Skirmisher (level 4, 0/29 HPs)
             Began as a Kobold Abyssal Knight on Apr 4, 2021.
             Was a Believer of Lugonu.
             Succumbed to an adder's poison
             ... on level 2 of the Dungeon.
             The game lasted 00:02:05 (1495 turns).

rageheart7 the Skirmisher (Kobold Abyssal Knight)   Turns: 1495, Time: 00:02:05

Health: 0/29       AC:  3    Str: 10    XL:     4   Next: 11%
Magic:  5/5        EV: 14    Int: 13    God:    Lugonu [**....]
Gold:   36         SH:  0    Dex: 14    Spells: 3/3 levels left

rFire    . . .     SeeInvis .   j - +0 rapier
rCold    . . .     Faith    .   (shield restricted)
rNeg     . . .     Spirit   .   b - +0 leather armour
rPois    .         Reflect  .   (no helmet)
rElec    .         Harm     .   (no cloak)
rCorr    .         Rampage  .   (no gloves)
Will     .....                  (no boots)
Stlth    ++........             (no amulet)
HPRegen  0.09/turn              (no ring)
MPRegen  0.09/turn              (no ring)

@: lethally poisoned (0 -> -7), flying
A: small, no large weapons, nightstalker 3
a: Renounce Religion, Depart the Abyss, Bend Space


You were on level 2 of the Dungeon.
You worshipped Lugonu.
Lugonu was pleased with you.
You visited 1 branch of the dungeon, and saw 2 of its levels.
You visited the Abyss 1 time.

You collected 36 gold pieces.

Inventory:

Hand Weapons
 j - a +0 rapier (weapon)
Armour
 b - a +0 leather armour (worn)
Scrolls
 c - a scroll of fog {unknown}
 d - 2 scrolls of identify {unknown}
 g - a scroll of amnesia {unknown}
Potions
 a - a potion of curing {unknown}
 f - a potion of lignification {unknown}
 h - 2 potions of attraction {unknown}
 i - a potion of resistance {unknown}


   Skills:
 * Level 4.3 Fighting
 * Level 4.2 Short Blades
 - Level 0.7 Armour
 - Level 2.4 Dodging
 - Level 2.0 Invocations


You had 3 spell levels left.
You didn't know any spells.
Your spell library contained the following spells:

 Spells                   Type           Power      Damage    Failure   Level
 Magic Dart               Conj           0%         1d3       38%         1
 Blink                    Tloc           N/A        N/A       54%         2
 Call Imp                 Summ           0%         N/A       54%         2
 Slow                     Hex            0%         N/A       54%         2
 Conjure Flame            Conj/Fire      0%         6-21      77%         3
 Mephitic Cloud           Conj/Pois/Air  0%         N/A       77%         3


Dungeon Overview and Level Annotations

Branches:
Dungeon (2/15)

Altars:


Innate Abilities, Weirdness & Mutations

You are small and have problems with some larger weapons.
You are completely attuned to the shadows.


Message History

An adder is nearby!
The adder hisses angrily.
You hit the adder but do no damage. The adder bites you.
You are poisoned.
The adder poisons you!
You closely miss the adder.
You feel sick. The adder barely misses you.
You hit the adder but do no damage.
You feel sick. The adder bites you. The adder misses you.
You hit the adder.
The adder is lightly wounded.
You feel sick. The adder barely misses you.
You completely miss the adder.
The adder is lightly wounded.
You feel sick. The adder bites you.
You hit the adder.
The adder is severely wounded.
You feel sick.
You are no longer poisoned.
The adder bites you.
You are poisoned.
The adder poisons you! The adder closely misses you.
You are too injured to fight recklessly!
You hit the adder.
The adder is almost dead.
You feel sick. The adder bites you.
You are lethally poisoned!
The adder poisons you!
You hit the adder.
The adder is almost dead.
* * * LOW HITPOINT WARNING * * *
You feel sick. The adder bites you.
* * * LOW HITPOINT WARNING * * *
You hit the adder but do no damage.
The adder is almost dead.
* * * LOW HITPOINT WARNING * * *
You feel sick. The adder bites you but does no damage.
It was a potion of flight.
You feel very buoyant.
You fly up into the air.
You die...

#........##.#
#........##.#
#........##'######
#.........).......
#########.....†...
#.........
#.........
#.......>.
#.@.......
#.S..... #.......
#....... +......


You could see an adder.

Vanquished Creatures
  An adder (D:2)
  3 worms (D:2)
  2 dart slugs (D:1)
  2 giant cockroaches (D:1)
  A goblin (D:1)
  2 hobgoblins (D:1)
  5 jackals (D:1)
  A quokka (D:1)
  4 ball pythons
  2 bats (D:2)
  3 frilled lizards (D:1)
  4 kobolds (D:1)
  3 rats
33 creatures vanquished.

Notes
Turn   | Place    | Note
-------+----------+-------------------------------------------
     0 | Abyss:1  | rageheart7 the Kobold Abyssal Knight began the quest for
                  | the Orb.
     0 | Abyss:1  | Reached XP level 1. HP: 14/14 MP: 2/2
    92 | Abyss:1  | Noticed a large abomination
    93 | D:1      | Escaped the Abyss
   192 | D:1      | Reached * piety under Lugonu
   193 | D:1      | Reached XP level 2. HP: 19/19 MP: 3/3
   773 | D:1      | Reached XP level 3. HP: 24/24 MP: 4/4
  1399 | D:2      | Reached ** piety under Lugonu
  1400 | D:2      | Reached XP level 4. HP: 22/29 MP: 5/5
  1495 | D:2      | Succumbed to an adder's poison

Illustrated notes

Levels and vault maps discovered:
D:1:      matt_arrival_debris, layout_basic, minmay_misc_feat_secret_circle
D:2:      minmay_recursive_quarters, layout_basic,
          ebering_ecumenical_altar_abandoned, chequers_serial_rivers_micro_b

Skill      XL: |  1  2  3 |
---------------+----------+-----
Short Blades   | 3 4 |  4.2
Fighting       | 4 |  4.3
Armour         | |  0.7
Dodging        | |  2.4
Invocations    | |  2.0

Action                   |  1- 3 |  4- 6 || total
-------------------------+-------+-------++-------
Melee: Short sword       |    75 |       ||    75
       Rapier            |    42 |     9 ||    51
Invok: Depart the Abyss  |     1 |       ||     1
  Use: Potion            |       |     1 ||     1
 Stab: Sleeping          |    10 |       ||    10
Armor: Leather armour    |    15 |     1 ||    16
Dodge: Dodged            |    78 |     4 ||    82

Table legend: (Time is in decaauts)
 A = Elapsed time spent in this place.
 B = Non-inter-level travel time spent in this place.
 C = Inter-level travel time spent in this place.
 D = Time resting spent in this place.
 E = Time spent auto-exploring this place.
 F = Levels seen in this place.
 G = Mean time per level.
                   A        B        C        D        E       F      G
               +--------+--------+--------+--------+--------+-----+--------+
         Total |   1489 |   1477 |     12 |      0 |   1243 |   3 |  496.3 |
       Dungeon |   1396 |   1384 |     12 |      0 |   1153 |   2 |  698.0 |
         Abyss |     93 |     93 |      0 |      0 |     90 |   1 |   93.0 |
               +--------+--------+--------+--------+--------+-----+--------+

Top non-repeatable levels by time:
     D:1: 1051 daAuts
     D:2: 344 daAuts
 Abyss:1: 93 daAuts
